 Dungeon Crawl Stone Soup version 0.22.0-40-g68aacdc (webtiles) character file.

16841 bogdani the Severer (level 12, -5/110 HPs)
             Began as a Hill Orc Fighter on Sept 2, 2018.
             Was an Elder of Uskayaw.
             Slain by a tarantella (14 damage)
             ... summoned by a deep elf mage
             ... on level 12 of the Dungeon.
             The game lasted 01:58:43 (13910 turns).

bogdani the Severer (Hill Orc Fighter)             Turns: 13910, Time: 01:58:54

Health: -5/110     AC: 12    Str: 24    XL:     12   Next: 41%
Magic:  11/15      EV: 10    Int:  8    God:    Uskayaw [****..]
Gold:   81         SH:  3    Dex: 10    Spells: 11/11 levels left

rFire    + . .     SeeInvis .   a - +4 battleaxe (flame)
rCold    + . .     Gourm    .   (shield currently unavailable)
rNeg     . . .     Faith    .   K - +2 scale mail {rPois}
rPois    +         Spirit   .   L - +0 helmet
rElec    .         Reflect  +   u - scarf {rC+ rF+}
rCorr    .         Harm     .   (no gloves)
MR       +....                  (no boots)
Stlth    ..........             k - +3 amulet of reflection
HPRegen  0.28/turn              F - ring of protection from magic
MPRegen  0.14/turn              S - +1 ring of slaying

@: lethally poisoned (-5 -> -9), about to teleport
A: no striking features
a: Stomp, Line Pass, Renounce Religion


You were on level 12 of the Dungeon.
You worshipped Uskayaw.
Uskayaw was noncommittal.
You were not hungry.

You visited 2 branches of the dungeon, and saw 13 of its levels.

You collected 590 gold pieces.
You spent 509 gold pieces at shops.

Inventory:

Hand Weapons
 a - a +4 battleaxe of flaming (weapon)
 b - a +2 hunting sling of velocity
 y - a +0 lajatang
 C - a +1 dire flail of holy wrath
Missiles
 H - 8 poisoned tomahawks
 J - a javelin
 P - 11 tomahawks (quivered)
Armour
 c - a +0 shield
 d - a +0 chain mail
 s - the +3 hat of Pondering {ponderous, MR+ MP+10 Int+5}
   (You took it off Gastronok on level 8 of the Dungeon)

   It affects your intelligence (+5).
   It affects your resistance to hostile enchantments.
   It affects your magic capacity (+10).
 u - a scarf of resistance (worn)
 z - a +3 leather armour of poison resistance
 K - a +2 scale mail of poison resistance (worn)
 L - a +0 helmet (worn)
 U - the +2 scale mail "Bahagy" {*Corrode *Slow rElec rN+++}
   (You found it on level 11 of the Dungeon)

   It insulates you from electricity.
   It renders you almost immune to negative energy.
   It may corrode you when you take damage.
   It may slow you when you take damage.
 V - a +0 scale mail of cold resistance
Jewellery
 k - a +3 amulet of reflection (around neck)
 o - an uncursed amulet of the gourmand
 F - a ring of protection from magic (left hand)
 M - a +3 ring of evasion
 S - a +1 ring of slaying (right hand)
 T - an uncursed ring of protection from cold
Wands
 x - a wand of enslavement (20)
 E - a wand of scattershot (1)
 I - a wand of polymorph (9)
 O - a wand of random effects (19)
Scrolls
 e - 3 scrolls of amnesia
 j - a scroll of enchant armour {unknown}
 l - 2 scrolls of silence {unknown}
 m - 3 scrolls of immolation
 p - a scroll of fog {unknown}
 q - 2 scrolls of teleportation
 t - 3 scrolls of remove curse
 v - a scroll of magic mapping {unknown}
 w - a scroll of random uselessness {unknown}
 D - a scroll of blinking {unknown}
 N - a scroll of noise {unknown}
Potions
 g - a potion of agility
 h - 2 potions of brilliance {unknown}
 i - a potion of invisibility {unknown}
 n - 2 potions of mutation
 r - 4 potions of curing
 A - a potion of haste
 B - 2 potions of flight {unknown}
 G - a potion of might
 R - a potion of degeneration {unknown}
Miscellaneous
 Q - a lamp of fire (inert)
Comestibles
 f - 17 rations


   Skills:
 * Level 11.2 Fighting
 * Level 17.2 Axes
 * Level 10.3 Armour
 - Level 0.2 Dodging
 - Level 6.8 Shields
 * Level 4.4 Invocations
 + Level 0.6 Evocations


You had 11 spell levels left.
You didn't know any spells.
Your spell library contained the following spells:

 Spells                   Type           Power        Failure   Level  Hunger
 Animate Skeleton         Necr           N/A          65%         1    ##.....
 Apportation              Tloc           #.....       65%         1    ##.....
 Confusing Touch          Hex            #.....       65%         1    ##.....
 Shock                    Conj/Air       #...         65%         1    ##.....
 Summon Small Mammal      Summ           #...         65%         1    ##.....
 Swiftness                Chrm/Air       #.......     80%         2    ###....
 Static Discharge         Conj/Air       #.......     95%         3    ####...
 Airstrike                Air            #.........   100%        4    #####..
 Lightning Bolt           Conj/Air       #.........   100%        5    ######.


Dungeon Overview and Level Annotations

Branches:
Dungeon (12/15)            Temple (1/1) D:4            Lair (0/6) D:9
    Orc (0/2) D:10

Altars:
Ashenzari
Cheibriados
Dithmenos
Elyvilon
Fedhas
Gozag
Hepliaklqana
Kikubaaqudgha
Makhleb
Ru
Sif Muna
Trog
Uskayaw
Vehumet
Wu Jian
Xom
Yredelemnul
Zin
The Shining One

Shops:
D:4 =   D:5 [   D:8 (   D:10 (=   D:11 *


Message History

Josephine hits you but does no damage.
You are poisoned.
The tarantella bites you but does no damage.
The deep elf mage hits you but does no damage.
Okay, then.
As you read the scroll of teleportation, it crumbles to dust.
You feel strangely unstable.
You feel sick. The tarantella closely misses you.
The wraith hits you but does no damage. Josephine hits you but does no damage.
You are more poisoned.
The deep elf mage hits you but does no damage.
Uskayaw links your audience in an emotional bond!
You completely miss the deep elf mage.
The deep elf mage is severely wounded.
You closely miss the wraith. You hit the wraith.
You kill Josephine!
Your Invocations skill increases to level 4!
You burn the wraith!
You destroy the wraith!
You barely miss the tarantella.
You feel sick. The tarantella bites you!
You die...

#...........
#......!...#
###..........##
..(...........#
.............
#...W.....5.
#...s)......
##†..@eW.§..#
#...§.WC§..##
#.##......##
#.######a## #.#
.# #.# # ##.#
##..# #<.##


You could see a cyclops, a deep elf mage, a soldier ant, 3 wraiths, a tarantella
and a crimson imp.

Vanquished Creatures
  Gastronok (D:8)
  Josephine (D:12)
  A fire dragon (D:9)
  Harold (D:7)
  2 two-headed ogres
  An unseen horror (D:11)
  Pikel (D:6)
  2 ugly things
  A gargoyle (D:11)
  3 centaur skeletons
  5 hippogriffs
  A spriggan (D:7)
  4 yaks
  Sigmund (D:4)
  2 basilisks (D:9)
  A steam dragon (D:10)
  2 wraiths (D:12)
  A hungry ghost (D:9)
  Edmund (D:6)
  A water moccasin (D:10)
  Duvessa (D:5)
  7 orc warriors
  A slave (D:6)
  6 sky beasts
  An eye of draining (D:11)
  4 phantoms
  2 ice beasts
  4 ogres
  4 centaurs
  A big kobold (D:7)
  4 bullfrogs
  A gnoll sergeant (D:9)
  Dowan (D:5)
  2 scorpions (D:9)
  4 wights (D:7)
  4 electric eels (D:10)
  2 howler monkeys
  6 crimson imps
  3 centaur zombies
  2 lava snakes (D:9)
  2 quasits
  5 hounds
  10 orc wizards
  3 jellies
  11 orc priests
  4 bullfrog skeletons
  Jessica (D:2)
  5 iguanas
  10 worker ants
  A killer bee zombie (D:5)
  A hound zombie (D:10)
  A hound skeleton (D:11)
  2 worker ant zombies
  6 gnolls
  8 adders
  2 shadow imps
  2 oozes
  An adder skeleton (D:8)
  2 worms
  3 dart slugs
  7 leopard geckos
  48 orcs
  3 ball pythons
  5 bats
  6 giant cockroaches
  9 hobgoblins
  7 jackals
  4 kobolds
  6 quokkas
  5 frilled lizards
  6 goblins
  A jackal skeleton (D:4)
  A jackal zombie (D:9)
  A quokka skeleton (D:4)
  A quokka zombie (D:5)
  4 rats
  A plant (D:10)
288 creatures vanquished.

Vanquished Creatures (others)
  2 trolls (D:9)
  A yak (D:9)
  A slave (D:7)
  An ogre (D:9)
  A bullfrog (D:9)
  A wight (D:9)
  An iguana (D:9)
  A hound zombie (D:9)
  An orc (D:9)
  5 plants (D:10)
15 creatures vanquished.

Grand Total: 303 creatures vanquished

Notes
Turn   | Place    | Note
-------+----------+-------------------------------------------
     0 | D:1      | bogdani the Hill Orc Fighter began the quest for the Orb.
     0 | D:1      | Reached XP level 1. HP: 19/19 MP: 1/1
   176 | D:1      | Reached XP level 2. HP: 24/27 MP: 2/2
   286 | D:1      | Reached skill level 3 in Axes
   638 | D:2      | Reached XP level 3. HP: 33/33 MP: 3/3
   937 | D:2      | Reached skill level 4 in Axes
   937 | D:2      | Reached XP level 4. HP: 29/40 MP: 4/4
  1291 | D:2      | Noticed Jessica
  1295 | D:2      | Killed Jessica
  1384 | D:2      | Found a basalt altar of Yredelemnul.
  1384 | D:2      | Found a shadowy altar of Dithmenos.
  1472 | D:2      | Found a snail-covered altar of Cheibriados.
  1855 | D:3      | Reached skill level 5 in Axes
  1874 | D:3      | Reached XP level 5. HP: 46/46 MP: 5/5
  2750 | D:4      | Found a staircase to the Ecumenical Temple.
  2997 | Temple   | Entered the Ecumenical Temple
  3072 | Temple   | Became a worshipper of Uskayaw the Reveler
  3131 | D:4      | Reached * piety under Uskayaw
  3132 | D:4      | Reached skill level 6 in Axes
  3132 | D:4      | Reached XP level 6. HP: 52/52 MP: 6/6
  3200 | D:4      | Noticed Sigmund
  3210 | D:4      | Killed Sigmund
  3210 | D:4      | Reached ** piety under Uskayaw
  3249 | D:4      | Reached *** piety under Uskayaw
  3250 | D:4      | Reached skill level 7 in Axes
  3250 | D:4      | Reached XP level 7. HP: 51/60 MP: 7/7
  3296 | D:4      | Found Syhaef's Jewellery Shop.
  3394 | D:4      | Reached skill level 5 in Armour
  3952 | D:5      | Entered Level 5 of the Dungeon
  4043 | D:5      | Reached **** piety under Uskayaw
  4107 | D:5      | Reached skill level 8 in Axes
  4169 | D:5      | Reached skill level 5 in Fighting
  4338 | D:5      | Found Jaedub's Armour Shoppe.
  4383 | D:5      | Noticed Duvessa
  4404 | D:5      | Killed Duvessa
  4404 | D:5      | Reached skill level 5 in Shields
  4404 | D:5      | Reached XP level 8. HP: 53/68 MP: 8/8
  4496 | D:5      | Noticed Dowan
  4504 | D:5      | Killed Dowan
  4527 | D:5      | Reached skill level 9 in Axes
  4586 | D:5      | Found a glowing silver altar of Zin.
  4970 | D:6      | Noticed Edmund
  4986 | D:6      | Killed Edmund
  5226 | D:6      | Noticed Pikel
  5255 | D:6      | Killed Pikel
  5255 | D:6      | Reached skill level 10 in Axes
  5255 | D:6      | Reached XP level 9. HP: 44/75 MP: 9/9
  5546 | D:6      | Reached skill level 11 in Axes
  6802 | D:7      | Noticed Harold
  6813 | D:7      | Killed Harold
  6813 | D:7      | Reached skill level 12 in Axes
  6813 | D:7      | Reached XP level 10. HP: 58/88 MP: 10/10
  7590 | D:8      | Reached skill level 13 in Axes
  7612 | D:8      | Reached ***** piety under Uskayaw
  7773 | D:8      | Found Vaekau's Antique Weapon Boutique.
  7781 | D:8      | Bought a glowing battleaxe for 304 gold pieces
  8102 | D:8      | Noticed a red ugly thing
  8110 | D:8      | Killed a red ugly thing
  8237 | D:8      | Noticed a two-headed ogre
  8243 | D:8      | Killed a two-headed ogre
  8243 | D:8      | Reached skill level 14 in Axes
  8245 | D:8      | Noticed Gastronok
  8259 | D:8      | Killed Gastronok
  8259 | D:8      | Reached skill level 15 in Axes
  8259 | D:8      | Reached XP level 11. HP: 43/97 MP: 11/11
  8634 | D:8      | Found a burning altar of Makhleb.
  8634 | D:8      | Noticed a blizzard demon
  9332 | D:9      | Found a staircase to the Lair.
  9520 | D:9      | Noticed a fire dragon
  9544 | D:9      | Killed a fire dragon
 10015 | D:9      | Found a shimmering altar of Xom.
 10211 | D:10     | Entered Level 10 of the Dungeon
 10263 | D:10     | Reached skill level 1 in Invocations
 10308 | D:10     | Found a staircase to the Orcish Mines.
 10370 | D:10     | Noticed a two-headed ogre
 10373 | D:10     | Reached skill level 16 in Axes
 10377 | D:10     | Killed a two-headed ogre
 10377 | D:10     | Reached skill level 10 in Fighting
 10922 | D:10     | Found Nutyteun's Antique Weapon Shoppe.
 11458 | D:10     | Found Lurghuax's Jewellery Shoppe.
 11468 | D:10     | Bought a cursed +3 amulet of reflection for 139 gold pieces
 11468 | D:10     | Bought a +1 ring of slaying for 66 gold pieces
 11953 | D:11     | Reached XP level 12. HP: 101/107 MP: 14/14
 11955 | D:11     | Got a transparent scale mail
 11979 | D:11     | Identified the +2 scale mail "Bahagy" {*Corrode *Slow rElec rN+++} (You found it on level 11 of the Dungeon)
 12057 | D:11     | Noticed a death knight
 12499 | D:11     | Found Leud's Assorted Antiques.
 12824 | D:11     | Reached skill level 10 in Armour
 13232 | D:11     | Reached skill level 17 in Axes
 13902 | D:12     | Noticed Josephine
 13910 | D:12     | Killed Josephine
 13910 | D:12     | Slain by a tarantella

Skill      XL: |  1  2  3  4  5  6  7  8  9 10 11 12 |
---------------+-------------------------------------+-----
Axes           | 3 4 5 6 7 8 10 12 15 16 17 | 17.2
Shields        | 4 5 6 |  6.8
Fighting       | 4 5 6 7 9 10 11 | 11.2
Armour         | 4 5 6 7 9 10 | 10.3
Invocations    | 2 4 |  4.4
Dodging        | |  0.2
Evocations     | |  0.6

Action                   |  1- 3 |  4- 6 |  7- 9 | 10-12 || total
-------------------------+-------+-------+-------+-------++-------
Melee: War axe           |    96 |   156 |   362 |   139 ||   753
       Battleaxe         |       |       |       |   255 ||   255
Throw: Javelin           |       |       |     9 |    10 ||    19
       Tomahawk          |       |       |     2 |     5 ||     7
Invok: Stomp             |       |       |       |     1 ||     1
Evoke: Wand              |       |       |       |     3 ||     3
       Lamp of fire      |       |       |       |     1 ||     1
  Use: Potion            |       |     1 |     1 |     6 ||     8
       Scroll            |       |       |     8 |    11 ||    19
 Stab: Paralysed         |       |     1 |     9 |    17 ||    27
  Eat: Ration            |       |     2 |     3 |     5 ||    10
       Chunk             |       |     1 |     2 |     5 ||     8
Armor: Scale mail        |    36 |    47 |    23 |   120 ||   226
       Chain mail        |       |       |   111 |    24 ||   135
       Skin              |       |       |     2 |       ||     2
Dodge: Dodged            |    32 |    43 |    70 |   144 ||   289
Block: Shield            |    62 |    84 |   157 |    20 ||   323
       Other             |       |       |       |    15 ||    15
